 Dungeon Crawl Stone Soup version 0.30.0-12-gd5a94ecb5d (webtiles) character file.

Game seed: 16499133979287555512

6 CaptainMV the Sneak (level 1, 0/13 HPs)
             Began as a Demonspawn Wanderer on May 17, 2023.
             Frozen to death by an endoplasm (4 damage)
             ... on level 1 of the Dungeon.
             The game lasted 00:01:36 (149 turns).

CaptainMV the Sneak (Demonspawn Wanderer)            Turns: 149, Time: 00:01:37

Health: 0/13       AC:  3    Str: 10    XL:     1   Next: 75%
Magic:  1/2        EV: 13    Int: 12    God:
Gold:   11         SH:  0    Dex: 15    Spells: 1/2 levels left

rFire   . . .        a - +2 dagger
rCold   . . .        (no shield)
rNeg    . . .        e - +0 robe
rPois   .            (no helmet)
rElec   .            (no cloak)
rCorr   .            c - +0 pair of gloves
SInv    .            (no boots)
Will    .....        (no amulet)
Stlth   +++          (no ring)
HPRegen 0.22/turn    (no ring)
MPRegen 0.08/turn

%: no passive effects
@: no status effects
A: no striking features
a: no special abilities


You were on level 1 of the Dungeon.
You visited 1 branch of the dungeon, and saw 1 of its levels.

You collected 11 gold pieces.

Inventory:

Hand Weapons
 a - a +2 dagger (weapon)
Armour
 c - a +0 pair of gloves (worn)
 e - a +0 robe (worn)
Scrolls
 d - a scroll of blinking
 g - a scroll of identify {unknown}
Potions
 b - a potion of haste
 f - a potion of attraction {unknown}


   Skills:
 + Level 2.8 Dodging
 + Level 3.9 Stealth
 + Level 1.0 Spellcasting
 + Level 2.1 Necromancy


You had one spell level left.
You knew the following spells:

 Your Spells              Type           Power      Damage    Failure   Level
a - Necrotise             Necr           20%        1d5       12%         1

Your spell library contained the following spells:

 Spells                   Type           Power      Damage    Failure   Level
 Vampiric Draining        Necr           5%         2d6       36%         3


Dungeon Overview and Level Annotations

Branches:
Dungeon (1/15)

Altars:


Message History

You hit the endoplasm.
The endoplasm is almost dead.
The endoplasm freezes you.
You are frozen.
You barely miss the endoplasm.
The endoplasm is almost dead.
The endoplasm freezes you.
You are frozen.
You hit the endoplasm.
You kill the endoplasm!
An endoplasm comes into view.
Found a scroll labelled KEASCHESH KADEU.
A bat comes into view.
A giant cockroach comes into view.
The endoplasm quivers.
The helpless bat fails to defend itself.
You puncture the bat!
You kill the bat!
The endoplasm freezes you.
You are frozen.
Casting: Necrotise (safe; 12% risk of failure)
Confirm with . or Enter, or press ? or * to list all spells.
Aiming: Necrotise (safe; 12% risk of failure)
Press: ? - help, Shift-Dir - straight line, f - endoplasm
Aim: an endoplasm (chance to affect: 67%)
The endoplasm writhes in agony.
The endoplasm hits you.
You hit the endoplasm but do no damage.
The endoplasm is heavily wounded.
The endoplasm freezes you.
You are frozen.
You hit the endoplasm.
The endoplasm is almost dead.
The endoplasm freezes you.
You are frozen.
* * * LOW HITPOINT WARNING * * *
You barely miss the endoplasm.
The endoplasm is almost dead.
The endoplasm freezes you.
You are frozen.
You die...

#### #### ..... ..##
##..?###..
.......#.#### #...#
B.....J.....# #...#
.......@....######...#
.......#.............
##...#####..######..
#.. #..# #.# ...
#..######.# ..
#.......>.# #
##.######†# #.# #.#
##.# #.#


You could see an endoplasm and a giant cockroach (asleep).

Vanquished Creatures
  An endoplasm (D:1)
  2 jackals (D:1)
  2 bats (D:1)
  A rat (D:1)
6 creatures vanquished.

Notes
Turn   | Place    | Note
-------+----------+-------------------------------------------
     0 | D:1      | CaptainMV the Demonspawn Wanderer began the quest for the
                  | Orb.
     0 | D:1      | CaptainMV set off with the following items: a +2 dagger, a
                  | potion of haste, a +0 pair of gloves, a scroll of blinking,
                  | a +0 robe; and the following spell memorised: Necrotise;
                  | and the following spells available to memorise: Vampiric
                  | Draining.
     0 | D:1      | Reached XP level 1. HP: 13/13 MP: 2/2
   149 | D:1      | Frozen to death by an endoplasm

Illustrated notes

Levels and vault maps discovered:
D:1:      dpeg_arrival_brainrot, layout_loops_ring, basic_ecumenical_altar

Action                     || total
---------------------------++-------
  Melee: Dagger            ||    21
   Cast: Necrotise         ||     5
   Stab: Sleeping          ||     1
 Armour: Robe              ||     5
  Dodge: Dodged            ||     9
